 Dungeon Crawl Stone Soup version 0.21.0 (webtiles) character file.

2580 quantumfuzzball the Protected (level 9, -2/78 HPs)
             Began as a Minotaur Fighter on Jan 8, 2018.
             Was a Follower of Okawaru.
             Slain by a two-headed ogre
             ... wielding a +0 giant club
              (13 damage)
             ... on level 7 of the Dungeon.
             The game lasted 00:18:24 (8221 turns).

quantumfuzzball the Protected (Minotaur Fighter)    Turns: 8221, Time: 00:18:25

Health: -2/78      AC: 15    Str: 23    XL:     9   Next: 32%
Magic:  8/8        EV:  9    Int:  5    God:    Okawaru [*.....]
Gold:   373        SH: 11    Dex: 11    Spells: 8/8 levels left

rFire    . . .     SeeInvis .   a - +0 war axe
rCold    . . .     Gourm    .   c - +0 shield
rNeg     + . .     Faith    .   i - +0 plate armour
rPois    .         Spirit   .   (helmet restricted)
rElec    .         Reflect  .   (no cloak)
rCorr    .         Harm     .   p - +0 pair of gloves
MR       .....                  (no boots)
Stlth    ..........             (no amulet)
HPRegen  0.23/turn              h - ring of positive energy
MPRegen  0.11/turn              w - +2 ring of evasion

@: no status effects
A: retaliatory headbutt, horns 2
a: Heroism, Renounce Religion


You were on level 7 of the Dungeon.
You worshipped Okawaru.
Okawaru was aware of your devotion.
You were not hungry.

You visited 2 branches of the dungeon, and saw 9 of its levels.

You collected 373 gold pieces.

Inventory:

Hand Weapons
 a - a +0 war axe (weapon)
Armour
 c - a +0 shield (worn)
 i - a +0 plate armour (worn)
 p - a +0 pair of gloves (worn)
Jewellery
 h - a ring of positive energy (left hand)
 w - a +2 ring of evasion (right hand)
Wands
 r - a wand of disintegration (7)
 C - a wand of flame (29)
 E - a wand of paralysis (8)
 F - a wand of clouds (7)
Scrolls
 e - a scroll of teleportation {unknown}
 j - 4 scrolls of identify
 m - 3 scrolls of remove curse {unknown}
 n - a scroll of blinking {unknown}
 o - a scroll of enchant armour {unknown}
 s - a scroll of enchant weapon {unknown}
 t - a scroll of fog {unknown}
 v - a scroll of magic mapping {unknown}
 y - a scroll of noise {unknown}
 z - a scroll of fear {unknown}
 B - a scroll of random uselessness {unknown}
Potions
 b - a potion of brilliance {unknown}
 d - 2 potions of might
 k - a potion of berserk rage {unknown}
 l - 3 potions of flight {unknown}
 q - a potion of invisibility {unknown}
 u - 2 potions of curing
 x - 2 potions of degeneration {unknown}
 A - a potion of lignification {unknown}
Books
 g - a book of Callings

   Spells                             Type                      Level
   a - Summon Small Mammal            Summoning                    1
   b - Call Imp                       Summoning                    2
   c - Call Canine Familiar           Summoning                    3
   d - Summon Guardian Golem          Hexes/Summoning              3
   e - Summon Lightning Spire         Summoning/Air                4
   f - Summon Ice Beast               Ice/Summoning                4
Comestibles
 f - 19 rations


   Skills:
 + Level 6.8 Fighting
 * Level 8.5 Axes
 * Level 9.0 Armour
 + Level 5.0 Dodging
 + Level 6.8 Shields


You had 8 spell levels left.
You didn't know any spells.

Dungeon Overview and Level Annotations

Branches:
Dungeon (8/15)             Temple (1/1) D:6
   Lair: D:8-11

Altars:
Ashenzari
Cheibriados
Dithmenos
Elyvilon
Fedhas
Gozag
Hepliaklqana
Kikubaaqudgha
Makhleb
Nemelex Xobeh
Okawaru
Qazlal
Ru
Sif Muna
Trog
Uskayaw
Vehumet
Wu Jian
Xom
Yredelemnul
Zin
The Shining One

Annotations:
D:5 Menkaure
D:7 2 transporters


Innate Abilities, Weirdness & Mutations

You reflexively headbutt those who attack you in melee.
You have a pair of horns on your head.


Message History

You hit the two-headed ogre. You headbutt the two-headed ogre.
The two-headed ogre is lightly wounded.
You slash the water moccasin!
The water moccasin bites you but does no damage.
You block the water moccasin's attack.
You slash the two-headed ogre! You headbutt the two-headed ogre!
The two-headed ogre is heavily wounded.
You slash the water moccasin!
The two-headed ogre hits you with a giant club!!
* * * LOW HITPOINT WARNING * * *
The two-headed ogre hits you with a giant club.
* * * LOW HITPOINT WARNING * * *
The water moccasin bites you.
* * * LOW HITPOINT WARNING * * *
You slash the two-headed ogre!
The two-headed ogre is severely wounded.
You closely miss the water moccasin. You block the water moccasin's attack.
You block the two-headed ogre's attack.
The two-headed ogre hits you with a giant club!
You die...

♣...........♣ #.##
♣.♣.......♣.♣ #..##
♣♣♣♣♣...♣♣♣♣♣ #...#
♣♣...♣♣ #...#
##♣♣♣♣♣.....♣♣♣♣♣#...#
##...................##
##..................##
.#....(..........S.##
................@.##
..))...........O###
............#####
#.....####### .#..###
..#.## ..##.# .##### ##


You could see a two-headed ogre and a water moccasin.

Vanquished Creatures
  A spriggan (D:7)
  3 yaks (D:7)
  2 water moccasins
  An orc warrior (D:6)
  A phantom (D:7)
  3 ogres
  2 centaurs
  2 bullfrogs
  2 scorpions
  4 wights (D:6)
  2 crimson imps (D:7)
  A hound (D:6)
  4 orc wizards
  A gnoll shaman (D:6)
  2 iguanas
  7 worker ants
  A killer bee zombie (D:7)
  A hound zombie (D:5)
  11 gnolls
  9 adders
  A shadow imp (D:6)
  An ooze (D:2)
  3 worms
  2 dart slugs
  6 leopard geckos
  23 orcs
  6 giant cockroaches
  12 goblins
  9 hobgoblins
  8 jackals
  7 quokkas
  A ball python (D:2)
  8 bats
  9 frilled lizards
  7 kobolds
  A quokka zombie (D:5)
  7 rats
171 creatures vanquished.

Vanquished Creatures (others)
  A human (D:3)
1 creature vanquished.

Grand Total: 172 creatures vanquished

Notes
Turn   | Place    | Note
-------+----------+-------------------------------------------
     0 | D:1      | quantumfuzzball the Minotaur Fighter began the quest for the Orb.
     0 | D:1      | Reached XP level 1. HP: 19/19 MP: 0/0
    95 | D:1      | Reached XP level 2. HP: 27/27 MP: 1/1
   415 | D:1      | You fall through a shaft!
   425 | D:2      | Reached skill level 4 in Armour
   425 | D:2      | Reached XP level 3. HP: 33/33 MP: 2/2
   794 | D:2      | Found a hazy altar of Hepliaklqana.
   956 | D:2      | Reached XP level 4. HP: 38/40 MP: 3/3
  1023 | D:2      | Reached skill level 1 in Dodging
  2066 | D:3      | Reached XP level 5. HP: 39/47 MP: 4/4
  2399 | D:3      | Reached skill level 5 in Armour
  2688 | D:3      | Found an ancient bone altar of Kikubaaqudgha.
  2691 | D:3      | Noticed a human
  2694 | D:3      | Killed a human
  3078 | D:3      | Noticed an ogre
  3081 | D:3      | Killed an ogre
  3081 | D:3      | Reached XP level 6. HP: 36/53 MP: 5/5
  3433 | D:4      | Reached skill level 5 in Axes
  3819 | D:5      | Entered Level 5 of the Dungeon
  3860 | D:5      | Reached skill level 5 in Fighting
  3860 | D:5      | Reached skill level 6 in Armour
  3860 | D:5      | Reached skill level 5 in Shields
  3860 | D:5      | Reached XP level 7. HP: 41/61 MP: 6/6
  4925 | D:5      | Noticed Menkaure
  5900 | D:6      | Found a burning altar of Makhleb.
  5926 | D:6      | Reached skill level 7 in Armour
  5926 | D:6      | Reached XP level 8. HP: 54/69 MP: 7/7
  6256 | D:6      | Found a shimmering altar of Xom.
  6264 | D:6      | Found a radiant altar of Vehumet.
  6271 | D:6      | Found a snail-covered altar of Cheibriados.
  6443 | D:6      | Found a deep blue altar of Sif Muna.
  6496 | D:6      | Found a staircase to the Ecumenical Temple.
  6686 | Temple   | Entered the Ecumenical Temple
  6773 | Temple   | Became a worshipper of Warmaster Okawaru
  6858 | D:7      | Reached skill level 8 in Armour
  7119 | D:7      | Found a hide-covered altar of Uskayaw.
  7330 | D:7      | Found a transporter.
  7344 | D:7      | Found a transporter.
  7362 | D:7      | Reached * piety under Okawaru
  7362 | D:7      | Reached XP level 9. HP: 73/78 MP: 8/8
  7427 | D:7      | Found a blossoming altar of Fedhas.
  7900 | D:7      | Reached skill level 9 in Armour
  7980 | D:8      | Reached skill level 5 in Dodging
  8194 | D:8      | Noticed a two-headed ogre
  8221 | D:7      | Slain by a two-headed ogre

Skill      XL: |  1  2  3  4  5  6  7  8  9 |
---------------+----------------------------+-----
Fighting       | 4 5 6 |  6.8
Axes           | 3 4 5 6 7 8 |  8.5
Armour         | 4 5 6 7 8 9 |  9.0
Shields        | 4 5 6 |  6.8
Dodging        | 1 2 3 4 5 |  5.0

Action                   |  1- 3 |  4- 6 |  7- 9 || total
-------------------------+-------+-------+-------++-------
Melee: War axe           |    75 |   190 |   248 ||   513
       Headbutt          |    10 |    27 |    48 ||    85
Invok: Heroism           |       |       |     1 ||     1
  Use: Scroll            |     1 |       |       ||     1
  Eat: Chunk             |       |     7 |    10 ||    17
       Ration            |       |     1 |     1 ||     2
Armor: Scale mail        |    27 |       |       ||    27
       Plate armour      |    31 |   152 |    92 ||   275
Dodge: Dodged            |    20 |    42 |    65 ||   127
Block: Shield            |    52 |   107 |   140 ||   299
